 Dungeon Crawl Stone Soup version 0.22.1-1-ga44c0e5 (webtiles) character file.

2352 whitewolfNL the Carver (level 9, -1/81 HPs)
             Began as a Hill Orc Fighter on Oct 1, 2018.
             Was an Initiate of Trog.
             Killed from afar by a manticore (18 damage)
             ... with a volley of spikes
             ... on level 7 of the Dungeon.
             The game lasted 01:00:43 (12856 turns).

whitewolfNL the Carver (Hill Orc Fighter)          Turns: 12856, Time: 01:00:43

Health: -1/81      AC:  9    Str: 21    XL:     9   Next: 43%
Magic:  9/9        EV:  5    Int:  8    God:    Trog [......]
Gold:   368        SH: 10    Dex: 11    Spells: 8/8 levels left

rFire    . . .     SeeInvis .   E - +0 long sword
rCold    . . .     Gourm    .   u - +0 shield
rNeg     . . .     Faith    .   C - +0 chain mail
rPois    .         Spirit   .   (no helmet)
rElec    .         Reflect  .   (no cloak)
rCorr    .         Harm     .   (no gloves)
MR       .....                  (no boots)
Stlth    ..........             (no amulet)
HPRegen  0.23/turn              l - ring of wizardry
MPRegen  0.11/turn              (no ring)

@: about to teleport, barbed spikes, very slightly contaminated
A: no striking features
a: Renounce Religion


You were on level 7 of the Dungeon.
You worshipped Trog.
Trog was noncommittal.
You were not hungry.

You visited 2 branches of the dungeon, and saw 8 of its levels.
You also visited: Ossuary.

You collected 368 gold pieces.

Inventory:

Hand Weapons
 D - a +0 shortbow
 E - a +0 long sword (weapon)
Missiles
 e - 85 arrows
 f - a tomahawk of dispersal (quivered)
 i - 131 stones
 k - 57 sling bullets
 n - 46 bolts
 B - 7 tomahawks
Armour
 u - a +0 shield (worn)
 C - a +0 chain mail (worn)
Jewellery
 l - a ring of wizardry (left hand)
Wands
 r - a wand of flame (21)
 A - a wand of enslavement (16)
 F - a wand of acid (11)
Scrolls
 a - a scroll of identify
 b - a scroll of silence {unknown}
 d - 2 scrolls of teleportation
 g - 3 scrolls of remove curse
 t - a scroll of blinking
 v - a scroll of magic mapping
 w - 2 scrolls of immolation
 y - a scroll of vulnerability {unknown}
Potions
 h - 3 potions of ambrosia
 j - a potion of lignification {unknown}
 m - 2 potions of curing
 o - 2 potions of flight
 p - 3 potions of haste
 q - a potion of mutation
 s - a potion of might
 x - a potion of heal wounds
 z - a potion of agility
Comestibles
 c - 8 rations
 G - 3 chunks of flesh


   Skills:
 - Level 8.0 Fighting
   Level 2.6(6.9) Short Blades
 * Level 10.9(11.0) Long Blades
 * Level 3.3 Armour
 - Level 1.0 Stealth
 - Level 4.6 Shields


You had 8 spell levels left.
You didn't know any spells.
Your spell library was empty.

Dungeon Overview and Level Annotations

Branches:
Dungeon (7/15)             Temple (1/1) D:7

Altars:
Ashenzari
Cheibriados
Elyvilon
Fedhas
Gozag
Hepliaklqana
Kikubaaqudgha
Makhleb
Nemelex Xobeh
Okawaru
Qazlal
Ru
Sif Muna
Trog
Uskayaw
Vehumet
Wu Jian
Xom
Yredelemnul
The Shining One

Shops:
D:5 [   D:6 }

Annotations:
D:7 1 runed door


Message History

You block the hippogriff's attack.
You hit the manticore.
The manticore is moderately wounded.
An adder comes into view.
The hippogriff bites you but does no damage.
The hippogriff pecks you. The hippogriff claws you. The manticore bites you!
* * * LOW HITPOINT WARNING * * *
The manticore claws you.
* * * LOW HITPOINT WARNING * * *
You block the manticore's attack.
Blink to where?
Press: ? - help, Dir - move target cursor You are very lightly contaminated with residual magic.
As you read the scroll of blinking, it crumbles to dust.
As you read the scroll of teleportation, it crumbles to dust.
You feel strangely unstable.
The manticore flicks its tail.
The volley of spikes hits you!
The barbed spikes become lodged in your body.
You die...

#.# #### #.....## #.#.# #.#
#8)=8##S#..# #.#.# #.#
.#8....8#....# #.#.#
#)#####...+......'..### #.#.#
#.).....#. ......'..# #...#
..).......#8....8#H.# ##...
####.####.##8[$8##..# #.## # #.#
..######...# ##.## #.#
#......@.#.# #.... ####.#
##.#####.#.### #..##
.....#####...####.....# #..#
####..................#######..#
####.#####...####..............#
...<.# ##.## #.....#######.##
###### #.#####.....#######.#
#...................#
#####################


You could see a manticore.

Vanquished Creatures
  A wraith (Ossuary)
  The ghost of SaintRoka the Firebug, an amateur HOFE (D:4)
  An ice beast (D:6)
  4 sky beasts
  2 ogres
  A phantom (D:4)
  A centaur (D:5)
  2 bullfrogs (D:6)
  2 scorpions (D:5)
  4 crimson imps
  A quasit (D:4)
  A jelly (D:5)
  8 orc wizards
  5 hounds
  2 bullfrog skeletons (D:5)
  2 orc priests
  4 worker ants
  A mummy (Ossuary)
  12 adders
  A gnoll (D:1)
  An ooze (D:5)
  An adder zombie (D:6)
  An adder skeleton (D:4)
  4 worms
  6 leopard geckos
  24 orcs
  2 ball pythons
  10 bats
  9 giant cockroaches
  6 goblins
  5 hobgoblins
  9 jackals
  3 quokkas
  8 frilled lizards
  6 gnoll skeletons (Ossuary)
  4 kobolds (D:1)
  8 kobold skeletons (Ossuary)
  11 orc skeletons (Ossuary)
  A quokka skeleton (D:4)
  3 rats
178 creatures vanquished.

Notes
Turn   | Place    | Note
-------+----------+-------------------------------------------
     0 | D:1      | whitewolfNL the Hill Orc Fighter began the quest for the
                  | Orb.
     0 | D:1      | Reached XP level 1. HP: 19/19 MP: 1/1
   236 | D:1      | Reached XP level 2. HP: 26/26 MP: 2/2
   279 | D:1      | Reached skill level 3 in Long Blades
   938 | D:1      | Reached XP level 3. HP: 27/31 MP: 3/3
  1194 | D:1      | Reached skill level 4 in Long Blades
  1456 | D:1      | You fall through a shaft!
  1483 | D:2      | Reached XP level 4. HP: 29/39 MP: 4/4
  2446 | D:2      | Found an ancient bone altar of Kikubaaqudgha.
  2918 | D:2      | Reached skill level 5 in Long Blades
  2918 | D:2      | Reached XP level 5. HP: 42/45 MP: 5/5
  3383 | D:3      | Found an opulent altar of Gozag.
  3972 | D:3      | Found a radiant altar of Vehumet.
  4698 | D:4      | Found a snail-covered altar of Cheibriados.
  4738 | D:4      | Reached XP level 6. HP: 46/51 MP: 6/6
  4783 | D:4      | Reached skill level 6 in Long Blades
  4806 | D:4      | Reached skill level 1 in Short Blades
  5451 | D:4      | Found a sacrificial altar of Ru.
  5828 | D:4      | Noticed a phantom
  5878 | D:4      | Killed a phantom
  5913 | D:4      | Reached XP level 7. HP: 31/57 MP: 7/7
  6374 | D:4      | Found a runed gate.
  6374 | D:4      | Found a runed gate.
  6374 | D:4      | Found a runed gate.
  6381 | D:4      | Noticed SaintRoka's ghost (amateur HOFE)
  6857 | D:4      | Killed SaintRoka's ghost
  6857 | D:4      | Reached skill level 7 in Long Blades
  6857 | D:4      | Reached skill level 1 in Stealth
  7069 | D:5      | Entered Level 5 of the Dungeon
  7203 | D:5      | Found a sand-covered staircase.
  7215 | Ossuary  | Entered an ossuary
  7215 | Ossuary  | Noticed a wraith
  7215 | Ossuary  | Noticed a wraith
  7215 | Ossuary  | Noticed a wraith
  7723 | Ossuary  | Noticed a wraith
  7771 | Ossuary  | Killed a wraith
  7771 | Ossuary  | Reached skill level 8 in Long Blades
  7771 | Ossuary  | Reached XP level 8. HP: 21/67 MP: 8/8
  8260 | D:5      | Found Mamaabla's Armour Emporium.
  8299 | D:5      | Reached skill level 5 in Fighting
  9936 | D:5      | Reached skill level 9 in Long Blades
 10541 | D:6      | Reached XP level 9. HP: 74/79 MP: 9/9
 10594 | D:6      | Reached skill level 10 in Long Blades
 11154 | D:6      | Found Casse's Gadget Boutique.
 11756 | D:7      | Found a large runed door.
 11888 | D:7      | Found a staircase to the Ecumenical Temple.
 11897 | Temple   | Entered the Ecumenical Temple
 12076 | Temple   | Became a worshipper of Trog the Wrathful
 12832 | D:7      | Found a large runed door.
 12834 | D:7      | Found a large runed door.
 12843 | D:7      | Noticed a manticore
 12856 | D:7      | Killed from afar by a manticore

Skill      XL: |  1  2  3  4  5  6  7  8  9 |
---------------+----------------------------+-----
Long Blades    | 3 4 5 6 8 9 10 | 10.9
Shields        | 4 |  4.6
Short Blades   | 2 |  2.6
Stealth        | 1 |  1.0
Fighting       | 4 7 8 |  8.0
Armour         | |  3.3

Action                   |  1- 3 |  4- 6 |  7- 9 || total
-------------------------+-------+-------+-------++-------
Melee: Long sword        |   118 |   117 |   332 ||   567
       Rapier            |       |   150 |   224 ||   374
  Use: Scroll            |       |     4 |    12 ||    16
       Potion            |       |       |     4 ||     4
  Eat: Chunk             |     2 |     1 |     9 ||    12
       Ration            |       |     4 |     4 ||     8
Armor: Scale mail        |    93 |   110 |    80 ||   283
       Chain mail        |       |       |   120 ||   120
Dodge: Dodged            |    61 |    73 |   116 ||   250
Block: Shield            |   105 |   116 |   258 ||   479
       Rpst.: Long sword |    16 |    13 |    20 ||    49
